[ AOE2 MATCH · #507174553 ]
UnrankedMuisca vs Georgians
Player's team · LOSS
Rival team · WIN
[ REPLAY ANALYSIS · EXTRACTED FROM THE RECORDED GAME ]
Feudal
11:25
Castle
15:50
Imperial
—
| APM avg | 53.9 |
| APM peak | 88 |
| eAPM avg | 27.0 |
| Villagers / military | 47 / 0 |
Focus
⚔️ 50.0% · 🌾 50.0%
Unknown (2562) ×56
Feudal
8:52
Castle
26:14
Imperial
—
| APM avg | 52.7 |
| APM peak | 117 |
| eAPM avg | 20.4 |
| Villagers / military | 63 / 21 |
Focus
⚔️ 45.3% · 🌾 54.7%
Scout Cavalry ×14 · Knight ×4 · Monk ×3
Match map
Initial resources + every placement click. Lines = walls · curves = elevation contours. ◆ gold · ⬟ stone · ● berries · ✦ relic · ◌ wall gap
Your base· Open — 4t gap
DS_Alec's base· Open — 4t gap
Smoothed initial terrain · ◌ = detected wall gap · hover for details
Inputs per minute
— CNZS_迷你车仁 - - DS_Alec
Build order — CNZS_迷你车仁
First 150 of 179 actions detected
| 0:00 | Queue | Villager (Male) |
| 0:00 | Queue | Villager (Male) |
| 0:01 | Queue | Villager (Male) |
| 0:02 | Build | House |
| 0:03 | Build | Settlement |
| 0:05 | Build | House |
| 0:09 | Queue | Villager (Male) |
| 0:09 | Queue | Villager (Male) |
| 1:28 | Queue | Villager (Male) |
| 1:29 | Queue | Villager (Male) |
| 1:55 | Build | Settlement |
| 1:57 | Queue | Villager (Male) |
| 1:57 | Queue | Villager (Male) |
| 2:17 | Queue | Villager (Male) |
| 2:18 | Queue | Villager (Male) |
| 2:46 | Queue | Villager (Male) |
| 2:46 | Queue | Villager (Male) |
| 3:03 | Queue | Villager (Male) |
| 3:03 | Queue | Villager (Male) |
| 3:35 | Queue | Villager (Male) |
| 3:57 | Queue | Villager (Male) |
| 3:57 | Queue | Villager (Male) |
| 4:33 | Queue | Villager (Male) |
| 4:33 | Queue | Villager (Male) |
| 4:34 | Queue | Villager (Male) |
| 4:45 | Build | House |
| 4:47 | Build | Settlement |
| 5:05 | Queue | Villager (Male) |
| 5:05 | Queue | Villager (Male) |
| 5:25 | Build | House |
| 5:29 | Build | Palisade Wall |
| 5:33 | Build | Palisade Wall |
| 5:34 | Build | Palisade Wall |
| 5:55 | Queue | Villager (Male) |
| 5:55 | Queue | Villager (Male) |
| 5:56 | Queue | Villager (Male) |
| 5:56 | Queue | Villager (Male) |
| 5:56 | Queue | Villager (Male) |
| 5:56 | Queue | Villager (Male) |
| 6:17 | Queue | Villager (Male) |
| 6:17 | Queue | Villager (Male) |
| 6:46 | Queue | Villager (Male) |
| 6:55 | Queue | Villager (Male) |
| 6:56 | Queue | Villager (Male) |
| 7:37 | Build | Palisade Wall |
| 7:41 | Build | Palisade Wall |
| 7:50 | Build | Palisade Wall |
| 7:59 | Build | Settlement |
| 8:07 | Queue | Villager (Male) |
| 8:11 | Research | Loom |
| 8:21 | Build | Palisade Wall |
| 8:22 | Build | Palisade Wall |
| 8:22 | Build | Palisade Wall |
| 8:23 | Build | Palisade Wall |
| 8:38 | Build | Palisade Wall |
| 8:50 | Build | Palisade Wall |
| 8:55 | Build | Palisade Wall |
| 8:57 | Research | Feudal Age |
| 8:57 | Research | Feudal Age |
| 9:37 | Build | Palisade Wall |
| 9:39 | Build | Palisade Wall |
| 9:39 | Build | Palisade Wall |
| 9:39 | Build | Palisade Wall |
| 10:18 | Build | Palisade Wall |
| 10:22 | Build | Palisade Wall |
| 10:35 | Queue | Villager (Male) |
| 10:38 | Build | Palisade Wall |
| 11:25 | Age | Feudal Age |
| 11:28 | Build | Market |
| 11:56 | Queue | Villager (Male) |
| 12:12 | Build | Blacksmith |
| 12:30 | Build | Palisade Wall |
| 12:32 | Build | Palisade Wall |
| 12:33 | Build | Palisade Wall |
| 12:34 | Build | Palisade Wall |
| 12:34 | Build | Palisade Wall |
| 13:10 | Research | Castle Age |
| 13:10 | Research | Castle Age |
| 14:52 | Build | Palisade Wall |
| 15:19 | Build | House |
| 15:20 | Build | House |
| 15:42 | Queue | Villager (Male) |
| 15:42 | Queue | Villager (Male) |
| 15:50 | Age | Castle Age |
| 15:53 | Build | Castle |
| 16:08 | Build | Palisade Wall |
| 16:45 | Build | Stone Wall |
| 16:46 | Build | Stone Wall |
| 16:47 | Build | Stone Wall |
| 16:47 | Build | Stone Wall |
| 16:51 | Build | Stone Wall |
| 17:11 | Research | Fletching |
| 17:11 | Research | Fletching |
| 17:33 | Queue | Unit 2562 |
| 17:34 | Queue | Unit 2562 |
| 18:26 | Queue | Unit 2562 |
| 18:27 | Queue | Unit 2562 |
| 18:27 | Queue | Unit 2562 |
| 18:27 | Queue | Unit 2562 |
| 18:37 | Build | House |
| 18:45 | Build | Farm |
| 19:34 | Build | Settlement |
| 19:36 | Queue | Unit 2562 |
| 19:36 | Queue | Unit 2562 |
| 19:36 | Queue | Unit 2562 |
| 19:51 | Build | Stone Wall |
| 20:00 | Queue | Unit 2562 |
| 20:01 | Queue | Unit 2562 |
| 20:17 | Build | Stone Wall |
| 20:18 | Build | Stone Wall |
| 20:19 | Build | Stone Wall |
| 20:35 | Build | Palisade Wall |
| 20:37 | Build | Palisade Wall |
| 20:40 | Build | Palisade Wall |
| 20:41 | Build | Palisade Wall |
| 20:53 | Build | Palisade Wall |
| 20:53 | Build | Palisade Wall |
| 20:54 | Build | Palisade Wall |
| 21:03 | Queue | Unit 2562 |
| 21:03 | Queue | Unit 2562 |
| 21:12 | Build | Palisade Wall |
| 21:30 | Build | Palisade Wall |
| 21:47 | Queue | Unit 2562 |
| 21:47 | Queue | Unit 2562 |
| 22:48 | Queue | Villager (Male) |
| 23:13 | Research | Bodkin Arrow |
| 23:14 | Research | Bodkin Arrow |
| 23:24 | Queue | Villager (Male) |
| 23:40 | Queue | Unit 2562 |
| 23:40 | Queue | Unit 2562 |
| 23:41 | Queue | Unit 2562 |
| 23:47 | Queue | Villager (Male) |
| 24:01 | Queue | Unit 2562 |
| 24:01 | Queue | Unit 2562 |
| 24:22 | Queue | Unit 2562 |
| 24:23 | Queue | Unit 2562 |
| 24:56 | Queue | Unit 2562 |
| 24:56 | Queue | Unit 2562 |
| 25:30 | Research | Padded Archer Armor |
| 25:54 | Queue | Unit 2562 |
| 25:54 | Queue | Unit 2562 |
| 25:54 | Queue | Unit 2562 |
| 26:12 | Queue | Villager (Male) |
| 26:14 | Queue | Unit 2562 |
| 26:14 | Queue | Unit 2562 |
| 26:46 | Queue | Unit 2562 |
| 26:46 | Queue | Unit 2562 |
| 27:19 | Queue | Unit 2562 |
| 27:20 | Queue | Unit 2562 |
| 28:00 | Queue | Unit 2562 |
Build order — DS_Alec
First 150 of 209 actions detected
| 0:00 | Queue | Villager (Male) |
| 0:00 | Queue | Villager (Male) |
| 0:00 | Queue | Villager (Male) |
| 0:02 | Build | House |
| 0:03 | Build | House |
| 0:24 | Queue | Villager (Male) |
| 0:24 | Queue | Villager (Male) |
| 1:26 | Queue | Villager (Male) |
| 1:27 | Queue | Villager (Male) |
| 1:53 | Queue | Villager (Male) |
| 1:53 | Queue | Villager (Male) |
| 2:11 | Queue | Villager (Male) |
| 2:36 | Queue | Villager (Male) |
| 2:51 | Queue | Villager (Male) |
| 2:52 | Queue | Villager (Male) |
| 3:15 | Queue | Villager (Male) |
| 3:28 | Queue | Villager (Male) |
| 3:45 | Queue | Villager (Male) |
| 3:51 | Build | House |
| 3:57 | Build | House |
| 4:04 | Queue | Villager (Male) |
| 4:19 | Queue | Villager (Male) |
| 4:19 | Queue | Villager (Male) |
| 4:36 | Queue | Villager (Male) |
| 4:37 | Queue | Villager (Male) |
| 6:11 | Queue | Villager (Male) |
| 6:15 | Build | Mill |
| 6:42 | Research | Feudal Age |
| 7:21 | Research | Loom |
| 8:06 | Build | Barracks |
| 8:52 | Age | Feudal Age |
| 8:53 | Queue | Villager (Male) |
| 8:58 | Research | Double-Bit Axe |
| 9:14 | Queue | Villager (Male) |
| 9:32 | Queue | Villager (Male) |
| 9:41 | Queue | Villager (Male) |
| 9:51 | Build | Stable |
| 10:06 | Queue | Villager (Male) |
| 10:25 | Build | Watch Tower |
| 10:28 | Queue | Scout Cavalry |
| 10:28 | Queue | Scout Cavalry |
| 10:34 | Build | House |
| 10:35 | Build | House |
| 10:51 | Queue | Villager (Male) |
| 11:05 | Build | House |
| 11:09 | Queue | Scout Cavalry |
| 11:47 | Queue | Scout Cavalry |
| 11:48 | Queue | Villager (Male) |
| 11:53 | Build | Blacksmith |
| 12:01 | Queue | Villager (Male) |
| 12:02 | Queue | Scout Cavalry |
| 12:24 | Research | Forging |
| 12:28 | Build | Farm |
| 12:30 | Build | Farm |
| 12:31 | Build | Farm |
| 13:09 | Queue | Villager (Male) |
| 13:11 | Build | Farm |
| 13:39 | Queue | Scout Cavalry |
| 13:54 | Queue | Villager (Male) |
| 13:56 | Build | Farm |
| 13:59 | Build | Mule Cart |
| 14:12 | Build | Watch Tower |
| 14:21 | Queue | Villager (Male) |
| 14:23 | Build | Farm |
| 14:27 | Build | Farm |
| 14:28 | Build | Farm |
| 14:38 | Build | Farm |
| 14:48 | Queue | Scout Cavalry |
| 15:09 | Queue | Villager (Male) |
| 15:25 | Build | Palisade Wall |
| 15:26 | Build | Palisade Wall |
| 15:26 | Build | Palisade Wall |
| 15:27 | Build | Palisade Wall |
| 15:27 | Build | Palisade Wall |
| 15:27 | Build | Palisade Wall |
| 15:28 | Build | Palisade Wall |
| 15:28 | Build | Palisade Wall |
| 15:31 | Build | Palisade Wall |
| 15:34 | Build | House |
| 15:37 | Queue | Scout Cavalry |
| 15:37 | Queue | Villager (Male) |
| 15:41 | Build | Farm |
| 15:56 | Queue | Villager (Male) |
| 16:10 | Build | Watch Tower |
| 16:14 | Queue | Villager (Male) |
| 16:28 | Build | Farm |
| 16:29 | Build | Farm |
| 16:35 | Build | Palisade Wall |
| 16:36 | Build | Palisade Wall |
| 16:39 | Build | Palisade Wall |
| 16:55 | Research | Fletching |
| 17:01 | Queue | Villager (Male) |
| 17:16 | Build | House |
| 17:32 | Queue | Villager (Male) |
| 17:40 | Build | Watch Tower |
| 17:41 | Queue | Scout Cavalry |
| 18:16 | Queue | Villager (Male) |
| 18:18 | Queue | Villager (Male) |
| 18:25 | Build | Palisade Wall |
| 18:26 | Build | Palisade Wall |
| 18:26 | Build | Palisade Wall |
| 18:27 | Build | Palisade Wall |
| 18:27 | Build | Palisade Wall |
| 18:28 | Build | Palisade Wall |
| 18:28 | Build | Palisade Wall |
| 18:30 | Build | Palisade Wall |
| 18:35 | Queue | Scout Cavalry |
| 19:23 | Queue | Villager (Male) |
| 19:27 | Build | Market |
| 19:30 | Build | Watch Tower |
| 19:41 | Queue | Villager (Male) |
| 19:48 | Build | House |
| 19:50 | Build | House |
| 20:01 | Queue | Villager (Male) |
| 20:05 | Build | House |
| 20:17 | Queue | Villager (Male) |
| 20:21 | Build | House |
| 20:22 | Build | House |
| 20:23 | Build | Palisade Wall |
| 20:38 | Queue | Villager (Male) |
| 20:48 | Queue | Villager (Male) |
| 20:54 | Build | Watch Tower |
| 21:29 | Build | Mule Cart |
| 21:42 | Build | Palisade Wall |
| 21:46 | Build | Palisade Wall |
| 21:47 | Build | Palisade Wall |
| 21:56 | Build | Watch Tower |
| 22:05 | Build | House |
| 22:10 | Build | House |
| 22:12 | Build | House |
| 22:15 | Build | Palisade Wall |
| 22:17 | Build | Palisade Wall |
| 22:18 | Build | Palisade Wall |
| 23:34 | Research | Castle Age |
| 23:57 | Build | Farm |
| 23:59 | Build | Farm |
| 24:03 | Build | Palisade Wall |
| 24:03 | Build | Palisade Wall |
| 24:04 | Build | Palisade Wall |
| 24:04 | Build | Palisade Wall |
| 24:05 | Build | Palisade Wall |
| 24:05 | Build | Palisade Wall |
| 24:05 | Build | Palisade Wall |
| 24:06 | Build | Palisade Wall |
| 24:07 | Build | Palisade Wall |
| 24:14 | Build | Palisade Wall |
| 24:21 | Queue | Scout Cavalry |
| 24:43 | Queue | Scout Cavalry |
| 24:54 | Build | Stable |
| 25:12 | Research | Scale Barding Armor |
Match timeline
| 5:29 | CNZS_迷你车仁 · wall_segment Palisade Wall x6 |
| 5:33 | CNZS_迷你车仁 · wall_segment Palisade Wall x5 |
| 5:34 | CNZS_迷你车仁 · wall_segment Palisade Wall x1 |
| 7:37 | CNZS_迷你车仁 · wall_segment Palisade Wall x4 |
| 7:41 | CNZS_迷你车仁 · wall_segment Palisade Wall x11 |
| 7:50 | CNZS_迷你车仁 · wall_segment Palisade Wall x8 |
| 8:06 | DS_Alec · first_building Barracks |
| 8:21 | CNZS_迷你车仁 · wall_segment Palisade Wall x1 |
| 8:22 | CNZS_迷你车仁 · wall_segment Palisade Wall x1 |
| 8:22 | CNZS_迷你车仁 · wall_segment Palisade Wall x1 |
| 8:23 | CNZS_迷你车仁 · wall_segment Palisade Wall x1 |
| 8:38 | CNZS_迷你车仁 · wall_segment Palisade Wall x1 |
| 8:50 | CNZS_迷你车仁 · wall_segment Palisade Wall x5 |
| 8:52 | DS_Alec · age_up feudal |
| 8:55 | CNZS_迷你车仁 · wall_segment Palisade Wall x4 |
| 9:37 | CNZS_迷你车仁 · wall_segment Palisade Wall x1 |
| 9:39 | CNZS_迷你车仁 · wall_segment Palisade Wall x1 |
| 9:39 | CNZS_迷你车仁 · wall_segment Palisade Wall x1 |
| 9:39 | CNZS_迷你车仁 · wall_segment Palisade Wall x1 |
| 9:51 | DS_Alec · first_building Stable |
| 10:18 | CNZS_迷你车仁 · wall_segment Palisade Wall x5 |
| 10:22 | CNZS_迷你车仁 · wall_segment Palisade Wall x4 |
| 10:38 | CNZS_迷你车仁 · wall_segment Palisade Wall x1 |
| 11:25 | CNZS_迷你车仁 · age_up feudal |
| 12:30 | CNZS_迷你车仁 · wall_segment Palisade Wall x1 |
| 12:32 | CNZS_迷你车仁 · wall_segment Palisade Wall x1 |
| 12:33 | CNZS_迷你车仁 · wall_segment Palisade Wall x1 |
| 12:34 | CNZS_迷你车仁 · wall_segment Palisade Wall x1 |
| 12:34 | CNZS_迷你车仁 · wall_segment Palisade Wall x1 |
| 14:25 | CNZS_迷你车仁 · first_market_sell 100 food |
| 14:27 | CNZS_迷你车仁 · first_market_buy 100 stone |
| 14:52 | CNZS_迷你车仁 · wall_segment Palisade Wall x4 |
| 15:25 | DS_Alec · wall_segment Palisade Wall x1 |
| 15:26 | DS_Alec · wall_segment Palisade Wall x1 |
| 15:26 | DS_Alec · wall_segment Palisade Wall x1 |
| 15:27 | DS_Alec · wall_segment Palisade Wall x1 |
| 15:27 | DS_Alec · wall_segment Palisade Wall x1 |
| 15:27 | DS_Alec · wall_segment Palisade Wall x2 |
| 15:28 | DS_Alec · wall_segment Palisade Wall x1 |
| 15:28 | DS_Alec · wall_segment Palisade Wall x1 |
| 15:31 | DS_Alec · wall_segment Palisade Wall x1 |
| 15:50 | CNZS_迷你车仁 · age_up castle |
| 15:53 | CNZS_迷你车仁 · first_building Castle |
| 16:08 | CNZS_迷你车仁 · wall_segment Palisade Wall x1 |
| 16:35 | DS_Alec · wall_segment Palisade Wall x1 |
| 16:36 | DS_Alec · wall_segment Palisade Wall x1 |
| 16:39 | DS_Alec · wall_segment Palisade Wall x1 |
| 16:45 | CNZS_迷你车仁 · wall_segment Stone Wall x1 |
| 16:46 | CNZS_迷你车仁 · wall_segment Stone Wall x1 |
| 16:47 | CNZS_迷你车仁 · wall_segment Stone Wall x1 |
| 16:47 | CNZS_迷你车仁 · wall_segment Stone Wall x1 |
| 16:51 | CNZS_迷你车仁 · wall_segment Stone Wall x1 |
| 18:25 | DS_Alec · wall_segment Palisade Wall x1 |
| 18:26 | DS_Alec · wall_segment Palisade Wall x1 |
| 18:26 | DS_Alec · wall_segment Palisade Wall x1 |
| 18:27 | DS_Alec · wall_segment Palisade Wall x1 |
| 18:27 | DS_Alec · wall_segment Palisade Wall x1 |
| 18:28 | DS_Alec · wall_segment Palisade Wall x1 |
| 18:28 | DS_Alec · wall_segment Palisade Wall x2 |
| 18:30 | DS_Alec · wall_segment Palisade Wall x1 |
| 19:51 | CNZS_迷你车仁 · wall_segment Stone Wall x1 |
| 20:17 | CNZS_迷你车仁 · wall_segment Stone Wall x1 |
| 20:18 | CNZS_迷你车仁 · wall_segment Stone Wall x1 |
| 20:19 | CNZS_迷你车仁 · wall_segment Stone Wall x1 |
| 20:23 | DS_Alec · wall_segment Palisade Wall x1 |
| 20:35 | CNZS_迷你车仁 · wall_segment Palisade Wall x3 |
| 20:37 | CNZS_迷你车仁 · wall_segment Palisade Wall x1 |
| 20:40 | CNZS_迷你车仁 · wall_segment Palisade Wall x3 |
| 20:41 | CNZS_迷你车仁 · wall_segment Palisade Wall x4 |
| 20:53 | CNZS_迷你车仁 · wall_segment Palisade Wall x1 |
| 20:53 | CNZS_迷你车仁 · wall_segment Palisade Wall x1 |
| 20:54 | CNZS_迷你车仁 · wall_segment Palisade Wall x1 |
| 21:12 | CNZS_迷你车仁 · wall_segment Palisade Wall x6 |
| 21:30 | CNZS_迷你车仁 · wall_segment Palisade Wall x2 |
| 21:42 | DS_Alec · wall_segment Palisade Wall x8 |
| 21:46 | DS_Alec · wall_segment Palisade Wall x3 |
| 21:47 | DS_Alec · wall_segment Palisade Wall x3 |
| 22:15 | DS_Alec · wall_segment Palisade Wall x3 |
| 22:17 | DS_Alec · wall_segment Palisade Wall x1 |
| 22:18 | DS_Alec · wall_segment Palisade Wall x1 |
| 23:34 | DS_Alec · first_market_buy 100 food |
| 24:03 | DS_Alec · wall_segment Palisade Wall x1 |
| 24:03 | DS_Alec · wall_segment Palisade Wall x1 |
| 24:04 | DS_Alec · wall_segment Palisade Wall x1 |
| 24:04 | DS_Alec · wall_segment Palisade Wall x1 |
| 24:05 | DS_Alec · wall_segment Palisade Wall x1 |
| 24:05 | DS_Alec · wall_segment Palisade Wall x2 |
| 24:05 | DS_Alec · wall_segment Palisade Wall x1 |
| 24:06 | DS_Alec · wall_segment Palisade Wall x1 |
| 24:07 | DS_Alec · wall_segment Palisade Wall x1 |
| 24:14 | DS_Alec · wall_segment Palisade Wall x4 |
| 25:44 | DS_Alec · wall_segment Palisade Wall x1 |
| 26:14 | DS_Alec · age_up castle |
| 26:23 | DS_Alec · first_building Monastery |
| 29:05 | CNZS_迷你车仁 · wall_segment Stone Wall x1 |
| 29:06 | CNZS_迷你车仁 · wall_segment Stone Wall x1 |
| 29:21 | CNZS_迷你车仁 · wall_segment Palisade Wall x1 |
| 31:05 | DS_Alec · wall_segment Stone Wall x1 |
| 31:06 | DS_Alec · wall_segment Stone Wall x1 |
| 31:06 | DS_Alec · wall_segment Stone Wall x1 |
| 31:07 | DS_Alec · wall_segment Stone Wall x1 |
| 31:07 | DS_Alec · wall_segment Stone Wall x2 |
| 31:08 | DS_Alec · wall_segment Stone Wall x1 |
| 31:08 | DS_Alec · wall_segment Stone Wall x1 |
| 31:09 | DS_Alec · wall_segment Stone Wall x1 |
| 31:09 | DS_Alec · wall_segment Stone Wall x1 |
| 31:10 | DS_Alec · wall_segment Stone Wall x1 |
| 31:10 | DS_Alec · wall_segment Stone Wall x1 |
| 32:44 | DS_Alec · first_market_sell 100 wood |
| 34:36 | CNZS_迷你车仁 · resign |
[ AI ANALYSIS · 1 CREDIT ]
What really happened in this match?
Wolo.gg analyzes every decision: build order, eco, micro, common mistakes by bracket. Personalized analysis on WhatsApp or Discord in 30 seconds.
Civ guide
Muisca
Perfil
Jugador #5036165